Map: Moondance

Players

Quaz

  • Race: Zerg Zerg
  • Spawn Location: 12:00

Zain - Winner!

  • Race: Protoss Protoss
  • Spawn Location: 6:00

Event: DreamHack SC2 Masters 2022 Atlanta (Offline)

VOD

Have the link to the VOD?

Description

Time

  • Played on: Nov. 18, 2022, 11:07 a.m.
  • Length: 7:41

All games in this series

Show
View Real Time Build Order
Export as new Build Order

Quaz Zerg 

Build Orders: Pool First 

Get SALT Encoding   

  12  0:17  Spawning Pool  
  11  0:27  Drone x2  
  13  0:30  Drone  
  14  0:41  Overlord  
  14  1:10  Zergling x4  
  17  1:11  Zergling x2  
  17  1:23  Zergling x2, Hatchery  
  17  1:32  Queen  
  17  1:34  Zergling x2  
  20  1:45  Drone  
  21  1:53  Drone  
  22  2:09  Overlord  
  21  2:19  Overlord  
  21  2:28  Drone  
  21  2:29  Extractor  
  20  2:38  Queen x2  
  20  2:40  Drone x2  
  26  2:47  Drone x2  
  28  2:53  Zergling x6  
  31  3:04  Drone x2  
  32  3:13  Drone  
  33  3:29  Drone x4  
  37  3:39  Hatchery  
  36  3:51  Drone x7  
  40  4:04  Zergling x8  
  43  4:13  Zergling x2  
  41  4:28  Metabolic Boost  
  34  4:35  Drone x2  
  34  4:36  Drone x2  
  36  4:40  Drone x2  
  36  4:41  Drone x3  
  41  4:49  Overlord  
  41  4:51  Drone  
  41  4:52  Drone x2  
  43  5:01  Queen  
  43  5:07  Spore Crawler x2  
  37  5:28  Drone x9  
  46  5:33  Zergling x6  
  49  5:43  Extractor, Evolution Chamber  
  49  5:46  Drone x4  
  51  5:55  Spore Crawler  
  48  6:03  Drone  
  49  6:16  Overlord x2  
  46  6:27  Drone  
  46  6:28  Drone x3  
  50  6:36  Drone  
  50  6:37  Drone x5  
  56  6:46  Overlord  
  56  6:47  Zergling x20  
  63  7:00  Zergling x6  
  62  7:08  Zergling x10  
  62  7:20  Hatchery  
  61  7:28  Hatchery  
Show
View Real Time Build Order
Export as new Build Order

Zain Protoss - Winner!

Build Orders: Oracle Opening 

Get SALT Encoding   

  12  0:00  Probe  
  13  0:12  Probe  
  14  0:18  Pylon  
  14  0:24  Probe (Chrono Boost)  
  15  0:37  Probe (Chrono Boost)  
  15  0:38  Gateway  
  16  0:45  Probe (Chrono Boost)  
  16  0:46  Assimilator  
  17  0:51  Probe  
  18  1:03  Probe  
  19  1:07  Pylon  
  19  1:15  Probe  
  20  1:20  Pylon  
  20  1:26  Cybernetics Core  
  20  1:27  Probe  
  20  1:30  Zealot (Chrono Boost)  
  23  1:39  Probe  
  24  1:48  Zealot  
  24  1:51  Probe  
  27  2:03  Probe  
  28  2:15  Adept (Chrono Boost)  
  30  2:22  Nexus  
  30  2:24  Probe  
  31  2:32  Pylon  
  31  2:39  Stargate  
  31  2:49  Adept (Chrono Boost)  
  31  2:50  Probe  
  34  2:54  Assimilator  
  34  3:03  Probe  
  35  3:15  Probe  
  36  3:27  Probe  
  36  3:31  Oracle (Chrono Boost)  
  40  3:35  Probe  
  40  3:39  Probe  
  42  3:47  Probe  
  43  3:51  Probe  
  40  3:59  Probe  
  40  4:02  Nexus  
  41  4:03  Probe  
  41  4:09  Warp Gate, Pylon  
  42  4:11  Probe  
  42  4:12  Oracle (Chrono Boost)  
  42  4:15  Probe  
  47  4:23  Probe  
  48  4:28  Probe  
  45  4:35  Probe  
  46  4:39  Twilight Council  
  46  4:40  Probe  
  46  4:41  Gateway  
  46  4:45  Gateway x2  
  47  4:47  Assimilator  
  47  4:50  Assimilator  
  47  4:52  Stalker  
  49  4:55  Probe  
  49  4:58  Probe  
  51  5:00  Pylon  
  51  5:07  Probe  
  51  5:10  Probe  
  51  5:12  Blink (Chrono Boost)  
  53  5:19  Probe  
  54  5:22  Probe  
  55  5:32  Probe x2  
  55  5:34  Probe  
  58  5:43  Gateway  
  58  5:44  Probe  
  58  5:45  Probe  
  58  5:46  Gateway, Probe  
  61  5:56  Probe  
  62  5:57  Probe  
  62  6:00  Stalker x2  
  62  6:01  Stalker x2  
  62  6:03  Probe, Pylon  
  72  6:04  Oracle (Chrono Boost)  
  75  6:12  Nexus  
  75  6:15  Probe x2  
  77  6:19  Pylon  
  75  6:25  Stalker x2  
  75  6:26  Stalker  
  75  6:29  Probe  
  75  6:30  Probe x2  
  82  6:38  Stalker  
  84  6:40  Stalker  
  84  6:41  Probe  
  84  6:42  Probe  
  84  6:43  Probe  
  84  6:45  Stalker, Pylon  
  91  6:54  Probe x2  
  93  7:03  Stalker x4  
  93  7:05  Shield Battery  
  101  7:11  Pylon x2  
  101  7:13  Forge  
  101  7:15  Forge  
  101  7:19  Stalker  
  103  7:31  Stalker x4  
  103  7:34  Pylon  
Tags
 
Add a new tag
Caveats
  • Supply blocks, unpowered buildings, or Contaminate may cause inaccurate times.
  • Supply counts are checked every 10 seconds.